 Dungeon Crawl Stone Soup version 0.16-a0-326-g6f2d4d4 (webtiles) character file.

66 PolkaDot the Caller (level 3, -7/24 HPs)
             Began as a Vampire Summoner on Sept 4, 2014.
             Was an Initiate of Sif Muna.
             Killed by divine providence
             ... invoked by an orc priest
              (12 damage)
             ... on Level 3 of the Dungeon.
             The game lasted 00:06:12 (2405 turns).

PolkaDot the Caller (Vampire Summoner)              Turns: 2405, Time: 00:06:12

HP  -7/24        AC  2     Str  7      XL: 3   Next: 96%
MP   6/6         EV 12     Int 18      God: Sif Muna [......]
Gold 96          SH  0     Dex 14      Spells:  3 memorised,  0 levels left

rFire  . . .     SeeInvis +     h - +2 dagger (speed)
rCold  . . .     Clarity  .     a - +0 robe
rNeg   . . .     rCorr    .     (no shield)
rPois  .         rRot     .     (no helmet)
rElec  .         Spirit   .     (no cloak)
SustAb .         Warding  .     (no gloves)
rMut   .         Stasis   .     (no boots)
Gourm  .                        (no amulet)
MR     +....                    r - ring of invisibility
                                s - ring of protection from magic

@: regenerating quickly, hasted, very quick, somewhat resistant to hostile
enchantments, unstealthy
A: fangs 3, see invisible, unbreathing
a: Renounce Religion, Evoke Invisibility


You were on level 3 of the Dungeon.
You worshipped Sif Muna.
Sif Muna was noncommittal.
You were full.

You visited 1 branch of the dungeon, and saw 3 of its levels.

You collected 96 gold pieces.

Inventory:

Hand weapons
 h - a +2 dagger of speed (weapon)
Missiles
 e - a throwing net (quivered)
Armour
 a - a +0 robe (worn)
Magical devices
 l - a wand of slowing (7) {unknown}
 o - a wand of slowing (15) {unknown}
Scrolls
 d - 2 scrolls of fear
 m - a scroll of magic mapping {unknown}
Jewellery
 r - a ring of invisibility (right hand)
 s - a ring of protection from magic (left hand)
Potions
 f - a potion of invisibility
 g - a potion of haste
 j - a potion of restore abilities {unknown}
 n - a potion of curing {unknown}
 p - 2 potions of might {unknown}
 q - a potion of resistance {unknown}
Books
 b - a book of Callings

   Spells                             Type                      Level
   *Summon Small Mammal               Summoning                    1
   *Call Imp                          Summoning                    2
   *Call Canine Familiar              Summoning                    3
   Summon Guardian Golem              Hexes/Summoning              4
   Summon Lightning Spire             Summoning/Air                4
   Summon Ice Beast                   Ice/Summoning                4


   Skills:
 - Level 2.1 Dodging
 - Level 3.0 Stealth
 - Level 2.0 Spellcasting
 * Level 5.6 Summonings


You couldn't memorise any spells.
You knew the following spells:

 Your Spells              Type           Power        Failure   Level  Hunger
a - Summon Small Mammal   Summ           ###.         1%          1    #......
d - Call Canine Familiar  Summ           ###.....     6%          3    ####...
s - Call Imp              Summ           ###.....     2%          2    ##.....


Dungeon Overview and Level Annotations

Branches:
Dungeon (3/15)

Altars:
Ashenzari
Dithmenos
Elyvilon
Sif Muna
Trog


Innate Abilities, Weirdness & Mutations

Your natural rate of healing is unusually fast.
You have razor-sharp teeth.
You have supernaturally acute eyesight.
You can survive without breathing.


Message History

You swap places.
You see here a blowgun.
The orc hits you with a glowing flail!
You swap places.
The orc completely misses your hound.
Your hound bites the orc.
Your hound completely misses the orc.
The orc misses your hound.
Your hound bites the orc.
The orc dies!
You see here a blowgun.
The orc priest calls down the wrath of Beogh upon you.
Something smites you!
Ouch! That really hurt!
* * * LOW HITPOINT WARNING * * *
Drink which item? (? for menu, Esc to quit)
You feel yourself speed up.
It was a potion of haste.
Your hound bites the orc priest.
The orc priest invokes the aid of Beogh against you.
Something smites you!
Ouch! That really hurt!
You die...

### ....o #o#.# #.# #.#
#h#.# #.# . #.# #.#.# #.#
..#.# #@#.# #.#
<..#.####)#%# #.#
...........># #.#
####..###.#.# #.# #..#
#.#.####.###
###########..###..........#
.....##.............#.#.#.#
####.##.........###.#...#.#
...#.##.........# #.#...#.#


You could see an orc priest and a friendly hound.

Vanquished Creatures
  3 adders
  An orc (D:3)
  3 goblins
  4 hobgoblins
  A quokka (D:2)
  A ball python (D:1)
  5 bats
  5 giant cockroaches
  5 kobolds
  4 rats
32 creatures vanquished.

Vanquished Creatures (collateral kills)
  A worm (D:3)
  An orc (D:3)
  2 bats (D:1)
  A kobold (D:1)
  2 giant geckos (D:1)
  A goblin (D:1)
  A rat (D:1)
9 creatures vanquished.

Vanquished Creatures (others)
  A hound (D:3)
  A bat (D:1)
  A rat (D:1)
3 creatures vanquished.

Grand Total: 44 creatures vanquished

Notes
Turn   | Place    | Note
--------------------------------------------------------------
     0 | D:1      | PolkaDot, the Vampire Summoner, began the quest for the Orb.
     0 | D:1      | Reached XP level 1. HP: 13/13 MP: 3/3
   430 | D:1      | Found a shattered altar of Ashenzari.
   631 | D:1      | Reached XP level 2. HP: 11/19 MP: 4/4
  1602 | D:2      | Found a deep blue altar of Sif Muna.
  1608 | D:2      | Found a white marble altar of Elyvilon.
  1608 | D:2      | Found a bloodstained altar of Trog.
  1610 | D:2      | Became a worshipper of Sif Muna the Loreminder
  1614 | D:2      | Learned a level 2 spell: Call Imp
  1673 | D:2      | Reached skill level 5 in Summonings
  1711 | D:2      | Reached XP level 3. HP: 21/24 MP: 6/6
  2075 | D:2      | Learned a level 3 spell: Call Canine Familiar
  2259 | D:3      | Found a shadowy altar of Dithmenos.
  2405 | D:3      | Killed from afar by an orc priest

Action                   || total
-------------------------++-------
Melee: Unarmed           ||    20
       Dagger            ||    95
 Cast: Summon Small Mamm ||    15
       Call Canine Famil ||     2
       Call Imp          ||     1
  Use: Potion            ||     2
       Scroll            ||     9
 Stab: Sleeping          ||     6
  Eat: Corpse            ||    11
